 Dungeon Crawl Stone Soup version 0.17-a0-1110-g19bd574 (console) character file.

1174 Monkaria the Slasher (level 8, -4/64 HPs)
             Began as a Demonspawn Chaos Knight on May 22, 2015.
             Slain by a wight
             ... wielding a +1 halberd
              (10 damage)
             ... on level 6 of the Dungeon.
             The game lasted 00:08:37 (4645 turns).

Monkaria the Slasher (Demonspawn Chaos Knight)      Turns: 4645, Time: 00:08:37

Health: -4/64      AC:  7    Str: 15    XL:     8   Next: 18%
Magic:  0/8        EV: 11    Int: 15    God:    Xom [..*...]
Gold:   213        SH:  2    Dex: 13    Spells: 0 memorised, 7 levels left

rFire  . . .     SeeInvis .     a - +0 falchion (chaos) (curse)
rCold  . . .     Clarity  .     b - +2 leather armour
rNeg   . . .     SustAt   .     (no shield)
rPois  +         Gourm    .     (no helmet)
rElec  .         Spirit   +     (no cloak)
rCorr  .         Warding  .     (no gloves)
rMut   .         Stasis   .     (no boots)
MR     .....                    (no amulet)
Stlth  +.........               (no ring)
                                n - ring of poison resistance

@: about to teleport, flying, not resistant to hostile enchantments, very
unstealthy
A: talons 1, large bone plates 1, clever 1, magic shield, rot immunity
a: Renounce Religion


You were on level 6 of the Dungeon.
You worshipped Xom.
You were a toy of Xom.
You were not hungry.

You visited 1 branch of the dungeon, and saw 6 of its levels.

You collected 213 gold pieces.

Inventory:

Hand weapons
 a - a cursed +0 falchion of chaos (weapon)
Missiles
 q - 7 poisoned needles
Armour
 b - a +2 leather armour (worn)
Magical staves
 u - an uncursed staff of air {unknown}
Jewellery
 n - a ring of poison resistance (left hand)
Scrolls
 d - a scroll of fog
 g - 2 scrolls of enchant armour
 i - a scroll of amnesia
 j - a scroll of magic mapping
 o - 4 scrolls of teleportation
 p - a scroll of enchant weapon
 s - a scroll of identify
Potions
 e - a potion of magic
 h - a potion of brilliance
Books
 f - a book of Clouds

   Spells                             Type                      Level
   a - Mephitic Cloud                 Conjuration/Poison/Air       3
   b - Conjure Flame                  Conjuration/Fire             3
   c - Poisonous Cloud                Conjuration/Poison/Air       6
   d - Freezing Cloud                 Conjuration/Ice/Air          6
   e - Ring of Flames                 Charms/Fire                  7
 v - a book of the Dragon

   Spells                             Type                      Level
   a - Flame Tongue                   Conjuration/Fire             1
   b - Cause Fear                     Hexes                        4
   c - Bolt of Fire                   Conjuration/Fire             6
   d - Dragon Form                    Transmutation                7
   e - Dragon's Call                  Summoning                    9
Comestibles
 c - 5 bread rations
 l - 3 fruits
 m - 2 beef jerkies
 r - a royal jelly
 t - 6 chunks of flesh


   Skills:
 - Level 6.0 Fighting
 - Level 6.1 Long Blades
 + Level 5.4 Armour
 - Level 0.8 Dodging


You had 7 spell levels left.
You didn't know any spells.

Dungeon Overview and Level Annotations

Branches:
Dungeon (6/15)
 Temple: D:4-7

Altars:
Cheibriados
Fedhas
Okawaru
Zin

Annotations:
D:3 KlotserJr's ghost, average DgEE


Innate Abilities, Weirdness & Mutations

You have sharp toenails.
You are partially covered in large bone plates (AC +2, SH +2).
When hurt, damage is shared between your health and your magic reserves.
You are immune to rotting.
Your mind is acute. (Int +2)


Message History

A jelly and a wight come into view.
Read which item? (? for menu, Esc to quit)
As you read the scroll of teleportation, it crumbles to dust.
You feel strangely unstable. The orc hits you with a club.
* * * LOW HITPOINT WARNING * * *
The orc barely misses you.
An orc and an orc priest come into view.
Drink which item? (? for menu, Esc to quit)
Okay, then.
You closely miss the orc.
The orc priest shouts!
The wight hits you but does no damage. The orc hits you with a club.
* * * LOW HITPOINT WARNING * * *
The orc hits you from afar with a trident.
* * * LOW HITPOINT WARNING * * *
You hit the orc. You burn the orc.
The orc is heavily wounded.
The wight hits you from afar with an enchanted halberd!
You die...
Xom cackles wildly!

....###.....####.......#+** *,**
.#..###.....###........+,* *,,,
,#.).........###.......#*********
,#...........+..o#######,,,,,,,,,
,##..........###g#######,********
,*#%.........###o#######,*
,,#.........w###o#######,*
*,#..........###o#.....#,*
*..######+######@#.....#,*
*#.*****#.######.#z.o..#+***
*,,*,,,#.######.zK...o.,,,*
**,*,,,*.########z.....,,,*
*,*,,,*.########..oJo.,,,*
*.#..,*.########!..z..,,,*
*.....*.########......,,,*
*#....*.###...##......,,,*
#....#+##<†..#*,,,,,*****


You could see a worm, a jelly, 4 wights, 2 orc priests, an orc wizard, 5 orcs, a
goblin and a kobold.

Vanquished Creatures
  Sigmund (D:3)
  A water moccasin (D:6)
  An ogre (D:6)
  A centaur (D:5)
  2 giant frog skeletons
  An orc priest (D:5)
  A quasit (D:5)
  Ijyb (D:2)
  3 hounds
  2 orc wizards (D:5)
  3 worker ants (D:4)
  Natasha (thrice) (D:2)
  A hound skeleton (D:5)
  12 adders
  An ooze (D:4)
  An adder skeleton (D:5)
  An adder zombie (D:5)
  A worm (D:2)
  10 giant geckos
  5 orcs
  A bat skeleton (D:4)
  A bat zombie (D:5)
  12 goblins
  7 hobgoblins
  6 jackals
  8 kobolds
  A ball python (D:4)
  9 bats
  3 giant cockroaches
  4 giant newts
  A quokka (D:5)
  4 rats
109 creatures vanquished.

Vanquished Creatures (collateral kills)
  An ice beast (D:5)
  An ogre (D:5)
  A goblin (D:4)
3 creatures vanquished.

Vanquished Creatures (others)
  An ufetubus (D:4)
1 creature vanquished.

Grand Total: 113 creatures vanquished

Notes
Turn   | Place    | Note
--------------------------------------------------------------
     0 | D:1      | Monkaria the Demonspawn Chaos Knight began the quest for the Orb.
     0 | D:1      | Reached XP level 1. HP: 18/18 MP: 1/1
   305 | D:1      | You fall through a shaft!
   352 | D:2      | XOM: potion effect (haste)
   362 | D:2      | Gained mutation: You are immune to rotting. [demonic ancestry]
   362 | D:2      | Reached XP level 2. HP: 14/25 MP: 2/2
   434 | D:2      | Reached skill level 4 in Fighting
   514 | D:2      | Reached XP level 3. HP: 18/30 MP: 3/3
   840 | D:2      | XOM: potion effect (agility)
   843 | D:2      | XOM: harmless Erth miscast
   848 | D:2      | XOM: potion effect (curing)
   849 | D:2      | XOM: harmless Conj miscast
   905 | D:2      | XOM: silly message
  1044 | D:2      | Noticed Natasha
  1048 | D:2      | XOM: potion effect (heal wounds)
  1055 | D:2      | Killed Natasha
  1055 | D:2      | Gained mutation: You are partially covered in large bone plates (AC +2, SH +2). [demonic ancestry]
  1055 | D:2      | Reached XP level 4. HP: 33/37 MP: 4/4
  1058 | D:2      | Noticed Ijyb
  1074 | D:2      | Killed Ijyb
  1310 | D:2      | Noticed Natasha
  1322 | D:2      | Killed Natasha
  1467 | D:2      | XOM: silly message
  1525 | D:2      | Noticed Natasha
  1531 | D:2      | Killed Natasha
  1619 | D:3      | Found a blossoming altar of Fedhas.
  1631 | D:3      | Gained mutation: You have sharp toenails. [demonic ancestry]
  1631 | D:3      | Reached XP level 5. HP: 42/42 MP: 5/5
  1637 | D:3      | XOM: divination: magic mapping
  1657 | D:3      | Found a glowing silver altar of Zin.
  1691 | D:3      | Found an iron altar of Okawaru.
  1718 | D:3      | Noticed KlotserJr's ghost (average DgEE)
  1726 | D:3      | XOM: mild Conj miscast
  1757 | D:3      | XOM: chaos cloud
  1953 | D:3      | XOM: divination: detect items
  2073 | D:2      | XOM: god gift: plain deck of cards {god gift}
  2091 | D:2      | XOM: mild Divn miscast
  2111 | D:3      | Gained mutation: Your mind is acute. (Int +2) [helix card]
  2111 | D:3      | XOM: smoke on damage
  2113 | D:3      | XOM: summons friendly crimson imp
  2276 | D:3      | Noticed Sigmund
  2471 | D:2      | XOM: divination: detect creatures
  2514 | D:3      | Killed Sigmund
  2514 | D:3      | Reached skill level 5 in Long Blades
  2514 | D:3      | Reached XP level 6. HP: 44/48 MP: 6/6
  2650 | D:3      | XOM: medium Chrm miscast
  2740 | D:3      | Reached skill level 6 in Long Blades
  2794 | D:4      | XOM: snakes to sticks
  2800 | D:4      | XOM: summons 3 friendly demons
  3073 | D:4      | XOM: vitrification
  3077 | D:4      | XOM: divination: magic mapping
  3105 | D:4      | HP: 2/48 [poisoned by a worker ant]
  3220 | D:4      | XOM: harmless Tloc miscast
  3362 | D:4      | XOM: cast spell 'Summon Butterflies'
  3557 | D:4      | Gained mutation: When hurt, damage is shared between your health and your magic reserves. [demonic ancestry]
  3557 | D:4      | Reached XP level 7. HP: 53/55 MP: 7/7
  3630 | D:5      | Entered Level 5 of the Dungeon
  3642 | D:5      | XOM: confuse monster(s)
  3655 | D:5      | Reached skill level 5 in Fighting
  4064 | D:5      | XOM: summons 2 friendly demons
  4219 | D:5      | XOM: divination: detect creatures
  4222 | D:5      | XOM: potion effect (berserk rage)
  4552 | D:6      | XOM: swap monsters
  4560 | D:6      | Reached skill level 5 in Armour
  4560 | D:6      | Reached XP level 8. HP: 61/64 MP: 8/8
  4601 | D:6      | Found a snail-covered altar of Cheibriados.
  4609 | D:6      | HP: 3/64 [ogre/giant club (17)]
  4636 | D:6      | XOM: vitrification
  4645 | D:6      | Slain by a wight

Vault maps used:
D:1:      saegor_arrival_simple_d, serial_glass, glass_columns_a,
          glass_columns_c
D:2:      uniq_natasha, uniq_iyjb
D:3:      okawaru_ov_weapons_minmay, zin_academy, first_bread, fedhas_altar_4,
          uniq_sigmund
D:6:      slow_altar_1

Action                   |  1- 3 |  4- 6 |  7- 9 || total
-------------------------+-------+-------+-------++-------
Melee: Falchion          |   105 |   244 |   176 ||   525
Evoke: Deck              |       |     4 |       ||     4
  Use: Scroll            |     5 |     1 |     7 ||    13
       Potion            |       |     3 |     3 ||     6
 Stab: Paralysed         |     2 |     5 |     1 ||     8
       Sleeping          |     1 |       |       ||     1
       Confused          |       |       |     2 ||     2
       Petrifying        |       |       |     1 ||     1
  Eat: Chunk             |     1 |     8 |     5 ||    14
